cohdb
Replays
Latest Replays
All Replays
Popular Replays
Top Player Replays
Match Explorer
How It Works
Community
CoH3 Stats
Reddit
Sign in to upload your games and track your stats! →
Sign in with Steam
Match 47131255
Unlisted
Match 47131255
Overview
Messages
Build Orders
End
Vickers Machine Gun Team
Construct Section Command Post
Infantry Section
Infantry Section
Construct Platoon Command Post
Infantry Section
Humber Armored Car
6-pounder Anti-tank Gun Team
Selects Air and Sea Battlegroup
Selects Commando Section Paradrop
Selects Naval Blockade
Selects Commando Support Section Paradrop
Commando Section Paradrop
Selects UNKNOWN (223837)
Construct Company Command Post
Commando Section Paradrop
Selects Assault Flares
Assault Flares
Centaur IV Medium Tank
Royal Engineer Section
DrewP
Dillbro
Major Storm
Komi-san
0
0
Comments
sign in to comment!
No comments posted yet!